[Event "28th Hit Open-A 2024"]
[Site "Nova Gorica"]
[Date "2024.02.01"]
[Round "8.22"]
[White "Herega, Nejc"]
[Black "Pagnutti, Lorenzo"]
[Result "1-0"]
[ECO "D02"]
[WhiteElo "2257"]
[BlackElo "1859"]
[Annotator "ChessBase"]
[PlyCount "133"]
[EventDate "2024.01.22"]
[EventType "swiss"]
[EventCountry "SLO"]
[SourceTitle "playchess.com"]
[Source "ChessBase"]
[SourceQuality "1"]
[TimeControl "5400+30"]

1. d4 d5 2. Nf3 Nf6 3. Bf4 e6 4. e3 Bd6 5. Bg3 O-O 6. Nbd2 b6 7. c3 Bb7 8. Bd3 c5 9. Ne5 Nc6 10. Ndf3 h6 11. Bh4 Be7 12. O-O Ne4 13. Nxc6 Bxc6 14. Bg5 Qe8 15. Bxe7 Qxe7 16. Ne5 Bb7 17. Bxe4 dxe4 18. Qa4 f6 19. Ng6 Qe8 20. Qxe8 Rfxe8 21. dxc5 Kf7 22. Nf4 g5 23. Ne2 bxc5 24. c4 Red8 25. Rad1 Bc6 26. Nc3 f5 27. Rxd8 Rxd8 28. Rd1 Rxd1+ 29. Nxd1 Ke7 30. Kf1 Kd6 31. Nc3 a6 32. Ke2 h5 33. Nb1 Be8 34. Kd2 e5 35. Na3 h4 36. Nc2 a5 37. Na3 g4 38. g3 hxg3 39. hxg3 Kc6 40. Nb5 Bf7 41. Kc3 Be6 42. b3 Bf7 43. Kb2 a4 44. Kc3 axb3 45. axb3 Be6 46. b4 Bf7 47. Kb3 Be6 48. Nc3 cxb4 49. Kxb4 Bf7 50. Na4 Be8 51. Nc5 Bf7 52. Nb3 Kc7 53. Kc5 Kd7 54. Na5 Ke6 55. Nc6 Be8 56. Nb4 Ba4 57. Kb6 Kd7 58. c5 Bb3 59. Na6 Be6 60. Nb8+ Ke7 61. Kc7 f4 62. Nc6+ Kf6 63. Kd6 fxe3 64. fxe3 Bc8 65. Nxe5 Kf5 66. c6 Kf6 67. c7 1-0

[Event "28th Hit Open-A 2024"]
[Site "Nova Gorica"]
[Date "2024.02.01"]
[Round "8.23"]
[White "Orsatti, Marcello"]
[Black "Ceschia, Ivano"]
[Result "1/2-1/2"]
[ECO "C01"]
[WhiteElo "1918"]
[BlackElo "2183"]
[Annotator "ChessBase"]
[PlyCount "60"]
[EventDate "2024.01.22"]
[EventType "swiss"]
[EventCountry "SLO"]
[SourceTitle "playchess.com"]
[Source "ChessBase"]
[SourceQuality "1"]
[TimeControl "5400+30"]

1. e4 e6 2. c4 d5 3. exd5 exd5 4. d4 Nf6 5. a3 Nc6 6. c5 Be7 7. Nf3 O-O 8. Be2 Ne4 9. O-O Bf6 10. h3 b6 11. cxb6 axb6 12. Nc3 Na5 13. Qc2 Nxc3 14. bxc3 Ba6 15. Bxa6 Rxa6 16. a4 Re8 17. Bf4 Nc4 18. Rfe1 Rxe1+ 19. Rxe1 Ra8 20. Ne5 Bxe5 21. dxe5 Qd7 22. Qe2 Rxa4 23. e6 fxe6 24. Bxc7 Ra3 25. Be5 Ra8 26. Bd4 Re8 27. f4 b5 28. Ra1 e5 29. fxe5 Qe6 30. Rb1 Nxe5 1/2-1/2

[Event "28th Hit Open-A 2024"]
[Site "Nova Gorica"]
[Date "2024.02.01"]
[Round "8.24"]
[White "Ivsek, Cveto"]
[Black "Hrescak, Ivana"]
[Result "1/2-1/2"]
[ECO "A48"]
[WhiteElo "1711"]
[BlackElo "2117"]
[Annotator "ChessBase"]
[PlyCount "53"]
[EventDate "2024.01.22"]
[EventType "swiss"]
[EventCountry "SLO"]
[SourceTitle "playchess.com"]
[Source "ChessBase"]
[SourceQuality "1"]
[TimeControl "5400+30"]

1. d4 Nf6 2. Bf4 g6 3. e3 Bg7 4. Nf3 d6 5. c3 O-O 6. h3 Nbd7 7. Nbd2 b6 8. Be2 Bb7 9. O-O Qe8 10. Nc4 Ne4 11. Nfd2 e5 12. Bh2 Nxd2 13. Nxd2 Qe7 14. Bf3 e4 15. Be2 Kh8 16. a4 Nf6 17. a5 h6 18. a6 Bc6 19. c4 Nh7 20. Nb1 f5 21. Nc3 g5 22. Nd5 Bxd5 23. cxd5 Qf7 24. Rc1 Nf6 25. Bb5 Rab8 26. Bc6 b5 27. Bb7 1/2-1/2

[Event "28th Hit Open-A 2024"]
[Site "Nova Gorica"]
[Date "2024.02.01"]
[Round "8.25"]
[White "Centrih, Aleks"]
[Black "Mazzi, Leonardo"]
[Result "1-0"]
[ECO "B50"]
[WhiteElo "2082"]
[BlackElo "1647"]
[Annotator "ChessBase"]
[PlyCount "119"]
[EventDate "2024.01.22"]
[EventType "swiss"]
[EventCountry "SLO"]
[SourceTitle "playchess.com"]
[Source "ChessBase"]
[SourceQuality "1"]
[TimeControl "5400+30"]

1. e4 c5 2. Nf3 d6 3. Bc4 a6 4. d3 e6 5. O-O Be7 6. c3 b5 7. Bb3 Nf6 8. Re1 Bb7 9. Nbd2 Nbd7 10. a4 O-O 11. Bc2 Qc7 12. Nf1 Rfc8 13. h3 Ne5 14. Ng3 h6 15. Nh2 Bf8 16. f4 Nc6 17. Rf1 d5 18. e5 Nd7 19. Qg4 d4 20. Nf3 Re8 21. Ne4 Qd8 22. Bd2 Rc8 23. axb5 axb5 24. Be1 Rc7 25. Bh4 Qb8 26. Rae1 b4 27. c4 Ne7 28. Ba4 Bc6 29. Bxc6 Rxc6 30. Bxe7 Rxe7 31. Ra1 Re8 32. Ra5 Qc7 33. Rfa1 Rb6 34. Nfd2 Rc8 35. Nb3 Rb7 36. Qf3 Qc6 37. Kh1 Rb6 38. Kh2 Qc7 39. Ra7 Qd8 40. Qg4 Kh8 41. Qh5 Kg8 42. Nbd2 Rc7 43. R7a5 Rc8 44. Nf3 g6 45. Qg4 Be7 46. h4 h5 47. Qg3 Kg7 48. Nfg5 Rbb8 49. Qe1 Ra8 50. Ra7 Nb6 51. Nd6 Rxa7 52. Rxa7 Bxg5 53. Rxf7+ Kg8 54. hxg5 Rc7 55. Rf6 Kh7 56. Qe4 Qg8 57. g4 hxg4 58. Kg3 Qg7 59. Ne8 Qe7 60. Qxg6+ 1-0

[Event "28th Hit Open-A 2024"]
[Site "Nova Gorica"]
[Date "2024.02.01"]
[Round "8.26"]
[White "Jalovec, Igor"]
[Black "Mestek, Igor"]
[Result "1-0"]
[ECO "B12"]
[WhiteElo "1703"]
[BlackElo "2080"]
[Annotator "NA"]
[PlyCount "135"]
[EventDate "2024.01.22"]
[EventType "swiss"]
[EventCountry "SLO"]
[SourceTitle "playchess.com"]
[Source "ChessBase"]
[SourceQuality "1"]
[TimeControl "5400+30"]

1. e4 c6 2. Nf3 Na6 3. d4 g6 4. Bxa6 Qa5+ 5. Nc3 Qxa6 6. Be3 Nf6 7. h3 d5 8. e5 Ng8 9. Ne2 Bg7 10. O-O Nh6 11. Ng3 Nf5 12. Nxf5 Bxf5 13. Nh4 Bd7 14. f4 e6 15. Nf3 Bf8 16. c3 b6 17. Bf2 Be7 18. Qe1 Qc8 19. Bh4 Qd8 20. Bxe7 Qxe7 21. Nh2 h5 22. Nf3 Bc8 23. Qe3 Bb7 24. Rfc1 O-O 25. f5 exf5 26. Qh6 f6 27. Qxg6+ Qg7 28. Qxf5 fxe5 29. Qxe5 Rae8 30. Qxg7+ Kxg7 31. Re1 Bc8 32. Re5 Rxe5 33. Nxe5 c5 34. Rf1 Rxf1+ 35. Kxf1 cxd4 36. cxd4 Kf6 37. Kf2 Kf5 38. Kf3 Kg5 39. Nf7+ Kf6 40. Nd6 Be6 41. Kf4 Bd7 42. g4 Kg6 43. Nf5 hxg4 44. hxg4 Be6 45. Ke5 Kf7 46. b3 a5 47. a3 b5 48. Nd6+ Ke7 49. Nxb5 Bxg4 50. b4 axb4 51. axb4 Bf3 52. Nc3 Kd7 53. Nxd5 Be2 54. Nc3 Bf1 55. d5 Bc4 56. Kd4 Bf1 57. Kc5 Kc7 58. Ne4 Bg2 59. Nf6 Bh3 60. d6+ Kd8 61. Kb6 Bg2 62. Ka5 Bf3 63. b5 Bg2 64. b6 Bc6 65. Ka6 Bf3 66. d7 Be2+ 67. Ka7 Ke7 68. b7 1-0

[Event "28th Hit Open-A 2024"]
[Site "Nova Gorica"]
[Date "2024.02.01"]
[Round "8.27"]
[White "Capaliku, Aleks"]
[Black "Belyaletdinov, Leonard"]
[Result "1-0"]
[ECO "A03"]
[WhiteElo "1913"]
[BlackElo "1581"]
[Annotator "NA"]
[PlyCount "65"]
[EventDate "2024.01.22"]
[EventType "swiss"]
[EventCountry "SLO"]
[SourceTitle "playchess.com"]
[Source "ChessBase"]
[SourceQuality "1"]
[TimeControl "5400+30"]

1. f4 d5 2. b3 Nf6 3. Nf3 e6 4. e3 b6 5. Bb5+ c6 6. Be2 Bd6 7. Bb2 Bb7 8. O-O Nbd7 9. Ne5 Qc7 10. d4 Ne4 11. Nd2 Nxd2 12. Qxd2 Nf6 13. Bd3 O-O-O 14. c4 Ne4 15. Qe2 f6 16. Nf3 Kb8 17. a3 g5 18. c5 bxc5 19. dxc5 Bxc5 20. fxg5 Rhf8 21. gxf6 Qb6 22. Nd4 Ng5 23. b4 Bd6 24. h4 e5 25. hxg5 exd4 26. Bxd4 Qc7 27. Qh5 Be5 28. Qxh7 Rf7 29. Bxe5 Qxe5 30. Qh2 Qxh2+ 31. Kxh2 Rh8+ 32. Kg1 Bc8 33. g6 1-0

[Event "28th Hit Open-A 2024"]
[Site "Nova Gorica"]
[Date "2024.02.01"]
[Round "8.28"]
[White "Vodnik, Val"]
[Black "Garsky, Vladyslav"]
[Result "1/2-1/2"]
[ECO "E67"]
[WhiteElo "1661"]
[BlackElo "2186"]
[Annotator "ChessBase"]
[PlyCount "73"]
[EventDate "2024.01.22"]
[EventType "swiss"]
[EventCountry "SLO"]
[SourceTitle "playchess.com"]
[Source "ChessBase"]
[SourceQuality "1"]
[TimeControl "5400+30"]

1. d4 Nf6 2. c4 g6 3. Nc3 Bg7 4. e4 d6 5. Nf3 O-O 6. g3 Nbd7 7. Bg2 e5 8. O-O a5 9. h3 Re8 10. Be3 exd4 11. Nxd4 Nc5 12. Qc2 Qe7 13. Bg5 c6 14. Rfe1 Qc7 15. Rad1 Ne6 16. Be3 Bd7 17. Qd2 Rad8 18. b3 Nc5 19. Bf4 Nh5 20. Be3 Ne6 21. Nxe6 Rxe6 22. Na4 c5 23. Nc3 Bc6 24. Nd5 Bxd5 25. Qxd5 Nf6 26. Qd3 Nd7 27. f4 Nb8 28. e5 Nc6 29. Bxc6 Qxc6 30. Kf2 Bf8 31. Qd5 Qxd5 32. Rxd5 Rde8 33. exd6 Bxd6 34. Bd2 Rxe1 35. Bxe1 Be7 36. Bc3 Rd8 37. Rxd8+ 1/2-1/2

[Event "28th Hit Open-A 2024"]
[Site "Nova Gorica"]
[Date "2024.02.01"]
[Round "8.30"]
[White "Trybus, Daniel"]
[Black "Petrosino, Germano"]
[Result "1-0"]
[ECO "C41"]
[WhiteElo "2039"]
[BlackElo "1715"]
[Annotator "NA"]
[PlyCount "59"]
[EventDate "2024.01.22"]
[EventType "swiss"]
[EventCountry "SLO"]
[SourceTitle "playchess.com"]
[Source "ChessBase"]
[SourceQuality "1"]
[TimeControl "5400+30"]

1. e4 d6 2. d4 Nf6 3. Nc3 e5 4. Nf3 Nbd7 5. Rg1 c6 6. g4 h6 7. Be3 Qa5 8. Qd2 b5 9. Bd3 Ba6 10. h4 c5 11. dxe5 dxe5 12. Nxb5 Qxd2+ 13. Nxd2 Bxb5 14. Bxb5 Rb8 15. Ba4 Rb4 16. Bxd7+ Kxd7 17. O-O-O Ke6 18. f3 Be7 19. b3 a5 20. a4 Nd7 21. h5 Nb8 22. Nc4 Nc6 23. Rd5 Rhb8 24. Bxc5 Rxc4 25. bxc4 Bg5+ 26. Kd1 Be7 27. Bxe7 Rb1+ 28. Kd2 Rxg1 29. Bc5 Rg2+ 30. Ke3 1-0

[Event "28th Hit Open-A 2024"]
[Site "Nova Gorica"]
[Date "2024.02.01"]
[Round "8.31"]
[White "Labrovic, Jakov"]
[Black "Trybus, Dominika"]
[Result "1-0"]
[ECO "A05"]
[WhiteElo "1925"]
[BlackElo "1530"]
[Annotator "ChessBase"]
[PlyCount "89"]
[EventDate "2024.01.22"]
[EventType "swiss"]
[EventCountry "SLO"]
[SourceTitle "playchess.com"]
[Source "ChessBase"]
[SourceQuality "1"]
[TimeControl "5400+30"]

1. Nf3 Nf6 2. g3 g6 3. Bg2 Bg7 4. b3 d6 5. Bb2 e5 6. d3 Nc6 7. e4 Bg4 8. Nbd2 O-O 9. h3 Bd7 10. Qe2 a5 11. a3 b5 12. O-O Ne8 13. Nh4 f5 14. exf5 gxf5 15. f4 exf4 16. Bd5+ Kh8 17. Qh5 Bxb2 18. Ng6+ Kg7 19. Nxf8 Nf6 20. Qf7+ Kh8 21. Nxd7 Nxd5 22. Qxd5 Qxd7 23. Rae1 Rg8 24. g4 fxg4 25. Rxf4 gxh3+ 26. Kh1 Be5 27. Qf7 Qd8 28. Rf5 Nd4 29. Rh5 Rg7 30. Qd5 c6 31. Qe4 Nxc2 32. Rf1 Nd4 33. Rxh3 Qg8 34. a4 Rg4 35. Qe1 Qd5+ 36. Ne4 Ne6 37. Qxa5 Nf4 38. Rxf4 Bxf4 39. Qd8+ Rg8 40. Qf6+ Rg7 41. Qxf4 Rf7 42. Qxd6 Qf5 43. Qd4+ Rg7 44. Qd8+ Rg8 45. Qf6+ 1-0

[Event "28th Hit Open-A 2024"]
[Site "Nova Gorica"]
[Date "2024.02.01"]
[Round "8.32"]
[White "Kukushkin, Ivan"]
[Black "Barbir, Petar"]
[Result "0-1"]
[ECO "B56"]
[WhiteElo "1890"]
[BlackElo "1738"]
[Annotator "NA"]
[PlyCount "124"]
[EventDate "2024.01.22"]
[EventType "swiss"]
[EventCountry "SLO"]
[SourceTitle "playchess.com"]
[Source "ChessBase"]
[SourceQuality "1"]
[TimeControl "5400+30"]

1. e4 c5 2. Nf3 d6 3. d4 cxd4 4. Nxd4 Nf6 5. Nc3 a6 6. Nb3 Nc6 7. Be2 e6 8. g4 Be7 9. g5 Nd7 10. Be3 b5 11. a3 Bb7 12. Qd2 Rc8 13. f4 Nb6 14. Nd4 h6 15. g6 Bh4+ 16. Kf1 O-O 17. Rg1 Nxd4 18. Bxd4 fxg6 19. Bg4 e5 20. Bxc8 Nc4 21. Be6+ Kh7 22. Bxc4 exd4 23. Ne2 bxc4 24. Qxd4 Qd7 25. Qe3 g5 26. Rd1 gxf4 27. Qf3 g5 28. Nc3 Kg6 29. Nd5 h5 30. h3 Bc8 31. Rh1 Rf7 32. Nb6 Qc6 33. Nxc8 Qxc8 34. Rxd6+ Rf6 35. Rxf6+ Kxf6 36. Ke2 Kg6 37. Rd1 Qb8 38. Qc3 g4 39. hxg4 hxg4 40. Rg1 Kh5 41. Qg7 f3+ 42. Kd1 Qd8+ 43. Kc1 Qg5+ 44. Qxg5+ Bxg5+ 45. Kd1 Bh4 46. e5 g3 47. Rxg3 Bxg3 48. e6 Kg6 49. b3 c3 50. b4 Kf6 51. a4 Kxe6 52. b5 axb5 53. a5 Kd7 54. a6 Kc7 55. a7 Kb7 56. a8=B+ Kxa8 57. Kc1 f2 58. Kb1 f1=Q+ 59. Ka2 Qc4+ 60. Kb1 Bf4 61. Ka1 Qb4 62. Ka2 Qb2# 0-1

[Event "28th Hit Open-A 2024"]
[Site "Nova Gorica"]
[Date "2024.02.01"]
[Round "8.33"]
[White "Novak, Rok"]
[Black "Atakay, Mustafa"]
[Result "1/2-1/2"]
[ECO "B12"]
[WhiteElo "1777"]
[BlackElo "1889"]
[Annotator "NA"]
[PlyCount "77"]
[EventDate "2024.01.22"]
[EventType "swiss"]
[EventCountry "SLO"]
[SourceTitle "playchess.com"]
[Source "ChessBase"]
[SourceQuality "1"]
[TimeControl "5400+30"]

1. e4 c6 2. d4 d5 3. e5 Bf5 4. g4 Bg6 5. e6 fxe6 6. h4 Qd6 7. h5 Bf7 8. Nf3 Nd7 9. Qe2 Nh6 10. Bh3 g5 11. Bxg5 Rg8 12. Rg1 O-O-O 13. Nbd2 Be8 14. Bh4 c5 15. O-O-O cxd4 16. Bg3 Qa6 17. Qxa6 bxa6 18. Nxd4 Bf7 19. Bh2 Bg7 20. N2b3 Be5 21. f4 Bd6 22. Rde1 Nc5 23. g5 Nxb3+ 24. axb3 Bc5 25. c3 Bxd4 26. cxd4 Nf5 27. Bxf5 exf5 28. Rxe7 Rd7 29. Rxd7 Kxd7 30. h6 Bh5 31. Re1 Bf7 32. Re3 Rb8 33. Bg3 Re8 34. Rxe8 Kxe8 35. Kc2 Kd7 36. Kc3 Kc6 37. Kb4 Kb6 38. Be1 a5+ 39. Kc3 1/2-1/2

[Event "28th Hit Open-A 2024"]
[Site "Nova Gorica"]
[Date "2024.02.01"]
[Round "8.34"]
[White "Kekic, Urban"]
[Black "Guid, Taja"]
[Result "1/2-1/2"]
[ECO "A25"]
[WhiteElo "1885"]
[BlackElo "1698"]
[Annotator "NA"]
[PlyCount "65"]
[EventDate "2024.01.22"]
[EventType "swiss"]
[EventCountry "SLO"]
[SourceTitle "playchess.com"]
[Source "ChessBase"]
[SourceQuality "1"]
[TimeControl "5400+30"]

1. c4 e5 2. g3 Nc6 3. Bg2 f5 4. Nc3 Nf6 5. e3 d5 6. cxd5 Nb4 7. d3 Nfxd5 8. Nxd5 Nxd5 9. Nf3 Bd6 10. O-O c6 11. e4 fxe4 12. dxe4 Nf6 13. Qd3 Qe7 14. Rd1 Bc7 15. b3 Bg4 16. Bb2 O-O 17. Re1 Kh8 18. h3 Bxf3 19. Bxf3 Qe6 20. Bg2 Rad8 21. Qe2 Bb6 22. Rf1 Bd4 23. Rad1 c5 24. Kh2 a6 25. Bc1 b5 26. f4 c4 27. bxc4 Qxc4 28. Qxc4 bxc4 29. Rfe1 c3 30. Bf1 Nxe4 31. Kg2 Nf2 32. Rxd4 exd4 33. Kxf2 1/2-1/2

[Event "28th Hit Open-A 2024"]
[Site "Nova Gorica"]
[Date "2024.02.01"]
[Round "8.35"]
[White "Milicevic, Zoran"]
[Black "Veselic, Maks"]
[Result "0-1"]
[ECO "C26"]
[WhiteElo "1550"]
[BlackElo "1874"]
[Annotator "NA"]
[PlyCount "58"]
[EventDate "2024.01.22"]
[EventType "swiss"]
[EventCountry "SLO"]
[SourceTitle "playchess.com"]
[Source "ChessBase"]
[SourceQuality "1"]
[TimeControl "5400+30"]

1. e4 e5 2. Nf3 Nc6 3. g3 Nf6 4. Nc3 Bc5 5. Bg2 d6 6. O-O Be6 7. d3 a6 8. Bg5 h6 9. Bxf6 Qxf6 10. a3 Nd4 11. Nxd4 Bxd4 12. Ne2 Ba7 13. c3 h5 14. d4 h4 15. Qd3 O-O-O 16. b4 hxg3 17. hxg3 Rh7 18. f4 Bg4 19. fxe5 Qxe5 20. Rxf7 Bxe2 21. Qxe2 Bxd4+ 22. Kf1 Bxc3 23. Qc4 d5 24. exd5 Bxa1 25. Qc2 Rh6 26. Rf5 Rf6 27. Rxf6 Qxf6+ 28. Ke2 Re8+ 29. Be4 Qb2 0-1

[Event "28th Hit Open-A 2024"]
[Site "Nova Gorica"]
[Date "2024.02.01"]
[Round "8.36"]
[White "Gergolet, Jan"]
[Black "Budai, Federico"]
[Result "0-1"]
[ECO "B46"]
[WhiteElo "1632"]
[BlackElo "1861"]
[Annotator "NA"]
[PlyCount "84"]
[EventDate "2024.01.22"]
[EventType "swiss"]
[EventCountry "SLO"]
[SourceTitle "playchess.com"]
[Source "ChessBase"]
[SourceQuality "1"]
[TimeControl "5400+30"]

1. e4 c5 2. Nf3 e6 3. d4 cxd4 4. Nxd4 Nc6 5. Nc3 a6 6. Nxc6 bxc6 7. Bd3 d5 8. Qe2 Be7 9. e5 Qc7 10. O-O Bf8 11. b3 Ne7 12. g4 Ng6 13. f4 Bc5+ 14. Kh1 O-O 15. Na4 Be7 16. Bb2 f6 17. Rf3 Bd7 18. Raf1 c5 19. Rh3 c4 20. g5 f5 21. Qh5 Kf7 22. Bxf5 exf5 23. e6+ Bxe6 24. Qxh7 Rg8 25. Rh6 Nf8 26. g6+ Ke8 27. Bxg7 Nxh7 28. gxh7 Kd7 29. Be5 Qc6 30. hxg8=Q Rxg8 31. Bd4 Re8 32. Re1 Bb4 33. c3 Bf8 34. Rg6 cxb3 35. axb3 Ba3 36. b4 Qxa4 37. Bc5 Bf7 38. Rd6+ Kc7 39. Ra1 Qc2 40. Rxa6 Qe4+ 41. Kg1 Rg8+ 42. Kf1 Qd3+ 0-1

[Event "28th Hit Open-A 2024"]
[Site "Nova Gorica"]
[Date "2024.02.01"]
[Round "8.37"]
[White "Horvath, Andras"]
[Black "Vicic, Mark"]
[Result "1/2-1/2"]
[ECO "B13"]
[WhiteElo "1901"]
[BlackElo "1729"]
[Annotator "NA"]
[PlyCount "73"]
[EventDate "2024.01.22"]
[EventType "swiss"]
[EventCountry "SLO"]
[SourceTitle "playchess.com"]
[Source "ChessBase"]
[SourceQuality "1"]
[TimeControl "5400+30"]

1. e4 c6 2. d4 d5 3. exd5 cxd5 4. Bd3 Nc6 5. c3 Nf6 6. Bf4 Bg4 7. Qb3 Qd7 8. Nd2 e6 9. Ngf3 Bd6 10. Bxd6 Qxd6 11. O-O O-O 12. Rfe1 Qc7 13. Ne5 Bh5 14. h3 Nxe5 15. dxe5 Nd7 16. Qb4 Nxe5 17. Bxh7+ Kxh7 18. Qh4 g6 19. g4 Nxg4 20. hxg4 Qf4 21. f3 Qxd2 22. gxh5 gxh5 23. Qxh5+ Qh6 24. Qxh6+ Kxh6 25. Kf2 Kg6 26. Ke3 Kf6 27. Rad1 Rac8 28. Rd4 Rh8 29. Re2 Rh1 30. Rg2 Re1+ 31. Kd2 Rf1 32. Rf4+ Ke7 33. Ke2 Ra1 34. a3 Rh8 35. Rg7 Rh2+ 36. Ke3 Re1+ 37. Kd3 1/2-1/2

[Event "28th Hit Open-A 2024"]
[Site "Nova Gorica"]
[Date "2024.02.01"]
[Round "8.38"]
[White "Cokan, Mirko"]
[Black "Hozjan, Erik"]
[Result "0-1"]
[ECO "B20"]
[WhiteElo "1614"]
[BlackElo "1897"]
[Annotator "NA"]
[PlyCount "80"]
[EventDate "2024.01.22"]
[EventType "swiss"]
[EventCountry "SLO"]
[SourceTitle "playchess.com"]
[Source "ChessBase"]
[SourceQuality "1"]
[TimeControl "5400+30"]

1. e4 c5 2. b4 cxb4 3. d4 Nf6 4. e5 Nd5 5. Bc4 Nb6 6. Bb3 Nc6 7. Nf3 d5 8. h3 Bf5 9. Be3 e6 10. a4 Na5 11. Nbd2 Rc8 12. Rc1 Be7 13. g4 Nxb3 14. cxb3 Bd3 15. Ng1 Bg5 16. Rxc8 Nxc8 17. Ndf3 Bxe3 18. Qxd3 Bc1 19. Ne2 Ba3 20. O-O h5 21. g5 Ne7 22. Nh4 Nc6 23. f4 Kd7 24. Qe3 g6 25. Qd3 a6 26. Nf3 Qb6 27. Kg2 Rc8 28. Nd2 Bb2 29. Nf3 Ne7 30. Nh4 Qc6 31. Rf2 Qc2 32. Qf3 Qd1 33. Rf1 Qd2 34. Rf2 Rc2 35. Kf1 Bxd4 36. Nxd4 Rc1+ 37. Kg2 Qxd4 38. Qe2 Rc3 39. Rf3 Qe4 40. Kf2 Rc2 0-1

[Event "28th Hit Open-A 2024"]
[Site "Nova Gorica"]
[Date "2024.02.01"]
[Round "8.39"]
[White "Cortese, Lina"]
[Black "Racnik, Tone"]
[Result "0-1"]
[ECO "E67"]
[WhiteElo "1582"]
[BlackElo "1849"]
[Annotator "NA"]
[PlyCount "108"]
[EventDate "2024.01.22"]
[EventType "swiss"]
[EventCountry "SLO"]
[SourceTitle "playchess.com"]
[Source "ChessBase"]
[SourceQuality "1"]
[TimeControl "5400+30"]

1. c4 Nf6 2. Nc3 g6 3. g3 Bg7 4. Bg2 O-O 5. d4 c6 6. e4 d6 7. Nf3 Nbd7 8. O-O c5 9. dxc5 Nxc5 10. Qc2 Be6 11. b4 Ncxe4 12. Nxe4 Nxe4 13. Rb1 Nc3 14. Rb3 Bxc4 15. Rxc3 Bxf1 16. Kxf1 Bxc3 17. Qxc3 Rc8 18. Qb2 Qc7 19. Bh6 Qc3 20. Qxc3 Rxc3 21. Bxf8 Kxf8 22. Ne1 b6 23. Bd5 e6 24. Bb3 d5 25. Ke2 Ke7 26. Kd2 d4 27. f4 f6 28. Nd3 h5 29. b5 Kd6 30. Ke2 e5 31. fxe5+ fxe5 32. Kd2 g5 33. Nf2 Re3 34. Bc2 Kd5 35. Bg6 h4 36. gxh4 gxh4 37. h3 Kc5 38. Bd3 Kb4 39. Bf1 Ka3 40. Bc4 Rg3 41. Bd5 Re3 42. Be6 Kb4 43. Bd7 Kc5 44. Nd3+ Kd6 45. Bg4 e4 46. Nb4 Kc5 47. Nc2 Rg3 48. Bd7 Rg2+ 49. Kd1 d3 50. Ne3 Rxa2 51. Nf5 Kb4 52. Ne3 Kc3 53. Nd5+ Kd4 54. Nf4 Ra1+ 0-1

[Event "28th Hit Open-A 2024"]
[Site "Nova Gorica"]
[Date "2024.02.01"]
[Round "8.40"]
[White "Pagano, Sergio"]
[Black "Petrovcic, Cvetko"]
[Result "1-0"]
[ECO "A80"]
[WhiteElo "1821"]
[BlackElo "1611"]
[Annotator "NA"]
[PlyCount "54"]
[EventDate "2024.01.22"]
[EventType "swiss"]
[EventCountry "SLO"]
[SourceTitle "playchess.com"]
[Source "ChessBase"]
[SourceQuality "1"]
[TimeControl "5400+30"]

1. d4 f5 2. Nf3 e6 3. d5 Bd6 4. b3 Nf6 5. dxe6 dxe6 6. Nd4 O-O 7. Ba3 c5 8. Nb5 Qa5+ 9. Qd2 Qxb5 10. Qxd6 Ne4 11. Qd3 Nc6 12. Qxb5 Nd4 13. Qd3 b6 14. e3 Nc6 15. f3 Nf6 16. c4 Bb7 17. Be2 Rad8 18. Qc3 f4 19. Nd2 fxe3 20. Qxe3 Nd4 21. O-O-O a5 22. Bb2 e5 23. Bd3 Rfe8 24. Ne4 a4 25. Nxf6+ gxf6 26. Bxd4 Rxd4 27. Qh6 e4 1-0

[Event "28th Hit Open-A 2024"]
[Site "Nova Gorica"]
[Date "2024.02.01"]
[Round "8.41"]
[White "Beber, Anja"]
[Black "Gricnik, Tine"]
[Result "1/2-1/2"]
[ECO "D05"]
[WhiteElo "1606"]
[BlackElo "1758"]
[Annotator "NA"]
[PlyCount "51"]
[EventDate "2024.01.22"]
[EventType "swiss"]
[EventCountry "SLO"]
[SourceTitle "playchess.com"]
[Source "ChessBase"]
[SourceQuality "1"]
[TimeControl "5400+30"]

1. Nf3 d5 2. d4 c6 3. e3 Nf6 4. Bd3 e6 5. O-O Bd6 6. b3 Nbd7 7. Bb2 Qc7 8. c4 e5 9. c5 e4 10. cxd6 Qxd6 11. Ba3 Qc7 12. Bc2 exf3 13. Qxf3 Nb6 14. h3 Be6 15. Nd2 Nc8 16. e4 dxe4 17. Nxe4 Nxe4 18. Bxe4 Ne7 19. Rac1 Qd7 20. Rfd1 O-O 21. Qf4 Rfe8 22. Bxe7 Rxe7 23. Qh4 h6 24. Rc3 Rae8 25. Re3 Bd5 26. Rde1 1/2-1/2

[Event "28th Hit Open-A 2024"]
[Site "Nova Gorica"]
[Date "2024.02.01"]
[Round "8.42"]
[White "Bajec, Borut"]
[Black "Mihelj, Edvard"]
[Result "1/2-1/2"]
[ECO "D30"]
[WhiteElo "1703"]
[BlackElo "1618"]
[Annotator "NA"]
[PlyCount "159"]
[EventDate "2024.01.22"]
[EventType "swiss"]
[EventCountry "SLO"]
[SourceTitle "playchess.com"]
[Source "ChessBase"]
[SourceQuality "1"]
[TimeControl "5400+30"]

1. d4 d5 2. Nf3 Nf6 3. c4 e6 4. e3 c6 5. Bd3 Bd6 6. O-O b6 7. Nc3 Qc7 8. e4 dxe4 9. Nxe4 Nbd7 10. Nxd6+ Qxd6 11. Bg5 h6 12. Bh4 Bb7 13. Bg3 Qe7 14. Ne5 Nxe5 15. Bxe5 Rg8 16. Re1 O-O-O 17. Qa4 a6 18. b4 Nd7 19. Bg3 e5 20. d5 Qd6 21. Bf5 f6 22. Red1 g6 23. Be6 Rg7 24. c5 Qe7 25. Rac1 Kb8 26. Bxd7 b5 27. Qb3 Rxd7 28. d6 Qd8 29. Re1 g5 30. Qf3 Rh7 31. h4 Ka7 32. Rc3 Qf8 33. Rxe5 Rhf7 34. Re6 f5 35. Be5 gxh4 36. Qh5 f4 37. Rf3 Rf5 38. Qxh4 h5 39. Rf6 Rxf6 40. Qxf6 Qg8 41. Qxf4 Qxa2 42. Kh2 Bc8 43. Qf8 Kb7 44. Rg3 Qe6 45. f4 h4 46. Rg8 Rf7 47. Rg7 Rxg7 48. Qxg7+ Bd7 49. Qg5 h3 50. g4 Qxg4 51. Qxg4 Bxg4 52. Bc3 Kc8 53. Be1 Kd7 54. Bg3 Ke6 55. Kg1 Kd5 56. Kf2 Ke4 57. Bh2 Kd4 58. Bg3 Ke4 59. Bh2 Kd4 60. Kg3 Bd7 61. Kh4 a5 62. Bg1+ Kd5 63. bxa5 h2 64. Bxh2 Kxc5 65. Kg5 b4 66. f5 Kd5 67. Bf4 b3 68. Bc1 Kxd6 69. f6 Be6 70. Kg6 Kc5 71. f7 Bxf7+ 72. Kxf7 Kb5 73. Ke6 Kxa5 74. Ke5 Kb4 75. Bb2 c5 76. Kd5 c4 77. Kd4 Kb5 78. Kc3 Kc5 79. Ba3+ Kd5 80. Bb2 1/2-1/2

[Event "28th Hit Open-A 2024"]
[Site "Nova Gorica"]
[Date "2024.02.01"]
[Round "8.43"]
[White "Zlatanovic, Marcus"]
[Black "Gratton, Damjan"]
[Result "1/2-1/2"]
[ECO "B07"]
[WhiteElo "1745"]
[BlackElo "1691"]
[Annotator "NA"]
[PlyCount "105"]
[EventDate "2024.01.22"]
[EventType "swiss"]
[EventCountry "SLO"]
[SourceTitle "playchess.com"]
[Source "ChessBase"]
[SourceQuality "1"]
[TimeControl "5400+30"]

1. e4 d6 2. d4 Nf6 3. Nc3 c6 4. f4 Qa5 5. Bd3 e5 6. fxe5 dxe5 7. dxe5 Ng4 8. h3 Nxe5 9. Nf3 Bd6 10. Be3 Nbd7 11. O-O O-O 12. a3 Qc7 13. Qe2 Nxf3+ 14. gxf3 Ne5 15. Qg2 Ng6 16. Ne2 Qd7 17. f4 Qxh3 18. Qxh3 Bxh3 19. Rf2 Bd7 20. Rh2 Bc7 21. Kg2 Rfe8 22. Rah1 h6 23. e5 Ne7 24. Ng3 Be6 25. Be4 Bd5 26. Bxd5 Nxd5 27. Bc1 Ne7 28. Kf3 Rad8 29. Nh5 Ng6 30. b3 Bb6 31. Bb2 Bd4 32. Bxd4 Rxd4 33. Rg1 Red8 34. e6 Rd2 35. Rxg6 fxg6 36. e7 Re8 37. Rxd2 gxh5 38. Rd7 Kf7 39. Rxb7 Rxe7 40. Rb8 Rc7 41. Rd8 Ke7 42. Rg8 Kf7 43. Rd8 c5 44. Rd5 g6 45. Rd6 Kg7 46. Rd5 Kf6 47. Rd6+ Kf7 48. f5 gxf5 49. Rxh6 Rd7 50. Rxh5 Kg6 51. Rh2 Kf7 52. Rh6 Rd2 53. Rh3 1/2-1/2